 Dungeon Crawl Stone Soup version 0.25-a0-1073-gf4359a17dd (webtiles) character file.

Game seed: 2994040392472492545, levelgen mode: deterministic

15071 Lovchig the Cleaver (level 11, -3/100 HPs)
             Began as a Deep Dwarf Fighter on May 14, 2020.
             Was a High Priest of Makhleb.
             Slain by a yaktaur (11 damage)
             ... on level 12 of the Dungeon.
             The game lasted 00:32:56 (10107 turns).

Lovchig the Cleaver (Deep Dwarf Fighter)           Turns: 10107, Time: 00:32:57

Health: -3/100     AC: 21    Str: 23    XL:     11   Next: 97%
Magic:  8/8        EV: 10    Int:  9    God:    Makhleb [*****.]
Gold:   776        SH: 17    Dex: 15    Spells: 10/10 levels left

rFire    . . .     SeeInvis .   a - +0 war axe
rCold    . . .     Gourm    .   c - +0 kite shield
rNeg     + . .     Faith    .   s - +0 plate armour
rPois    .         Spirit   .   m - +0 helmet
rElec    .         Reflect  .   q - +0 cloak
rCorr    +         Harm     .   t - +1 pair of gloves
MR       +....                  J - +1 pair of boots of Good Intentions {Dex+3}
Stlth    ..........             (no amulet)
HPRegen  0.00/turn              B - ring of positive energy
MPRegen  0.11/turn              b - ring of resist corrosion

@: mighty, non-regenerating
A: damage resistance, heal wounds, large bone plates 1, sense surroundings 2,
wild magic 1, no regeneration
a: Heal Wounds, Minor Destruction, Lesser Servant of Makhleb, Major Destruction,
Greater Servant of Makhleb, Renounce Religion


You were on level 12 of the Dungeon.
You worshipped Makhleb.
Makhleb was extremely pleased with you.
You were not hungry.

You visited 2 branches of the dungeon, and saw 13 of its levels.
You also visited: Ossuary.

You collected 776 gold pieces.

Inventory:

Hand Weapons
 a - a +0 war axe (weapon)
 C - a +1 scimitar of flaming
Armour
 c - a +0 kite shield (worn)
 m - a +0 helmet (worn)
 q - a +0 cloak (worn)
 s - a +0 plate armour (worn)
 t - a +1 pair of gloves (worn)
 J - the +1 pair of boots of Good Intentions (worn) {Dex+3}
   (You found it on level 11 of the Dungeon)

   It affects your dexterity (+3).
Jewellery
 b - a ring of resist corrosion (right hand)
 B - a ring of positive energy (left hand)
 K - a +4 ring of protection {unknown}
Wands
 i - a wand of flame (17)
 v - a wand of polymorph (6)
 x - a wand of digging (7)
 D - a wand of enslavement (2)
 H - a wand of random effects (24)
Scrolls
 l - 3 scrolls of enchant weapon
 o - 2 scrolls of blinking
 r - 5 scrolls of teleportation
 u - 11 scrolls of remove curse
 w - 4 scrolls of identify
 y - a scroll of vulnerability {unknown}
 z - a scroll of fear
 E - a scroll of fog
 I - a scroll of holy word
Potions
 d - a potion of might
 e - 3 potions of heal wounds
 g - 4 potions of ambrosia
 h - 10 potions of curing
 j - 5 potions of flight
 n - 3 potions of lignification
 p - 3 potions of stabbing
 A - 2 potions of berserk rage
 F - a potion of cancellation
Miscellaneous
 G - a box of beasts
Comestibles
 f - 25 rations
 k - 26 chunks of flesh


   Skills:
 * Level 7.2 Fighting
 * Level 13.1 Axes
 * Level 8.3 Armour
 * Level 7.1 Dodging
 * Level 11.0 Shields


You had 10 spell levels left.
You didn't know any spells.
Your spell library contained the following spells:

 Spells                   Type           Power        Failure   Level  Hunger
 Magic Dart               Conj           #...         100%        1    ##.....
 Shock                    Conj/Air       #...         100%        1    ##.....
 Blink                    Tloc           N/A          100%        2    ###....
 Call Imp                 Summ           #.......     100%        2    ###....
 Slow                     Hex            #.......     100%        2    ###....
 Swiftness                Chrm/Air       #.......     100%        2    ###....
 Conjure Flame            Conj/Fire      #.......     100%        3    ####...
 Mephitic Cloud           Conj/Pois/Air  #.......     100%        3    ####...
 Static Discharge         Conj/Air       #.......     100%        3    ####...
 Airstrike                Air            #.........   100%        4    #####..
 Lightning Bolt           Conj/Air       #.........   100%        5    ######.


Dungeon Overview and Level Annotations

Branches:
Dungeon (12/15)            Temple (1/1) D:6            Lair (0/6) D:11
    Orc (0/2) D:11        Ossuary (visited)

Altars:
Cheibriados
Dithmenos
Elyvilon
Fedhas
Gozag
Hepliaklqana
Kikubaaqudgha
Makhleb
Nemelex Xobeh
Okawaru
Ru
Sif Muna
Trog
Uskayaw
Vehumet
Wu Jian
Xom
Yredelemnul
Zin
The Shining One
Beogh

Shops:
D:9 *   D:11 [

Portals:
Trove: D:12 (give 8 potions of stabbing)

Annotations:
D:7 Prince Ribbit


Innate Abilities, Weirdness & Mutations

You are resistant to damage.
You can heal yourself by infusing magical energy.
You passively map the area around you.
You do not regenerate.
You are partially covered in large bone plates. (SH +4)
Your spells are a little harder to cast, but a little more powerful.


Message History

You block the deep troll earth mage's attack. x2
The deep troll earth mage barely misses you.
The brown ugly thing stings you but does no damage.
The komodo dragon bites you but does no damage.
The troll closely misses you. The troll claws you.
The troll claws you but does no damage. You block the yaktaur's attack.
You slash the troll!
The troll is heavily wounded.
You closely miss the deep troll earth mage.
You hit the brown ugly thing. You slash the komodo dragon!
You slash the yaktaur! The deep troll earth mage bites you!
* * * LOW HITPOINT WARNING * * *
You block the deep troll earth mage's attack.
The deep troll earth mage claws you but does no damage.
The brown ugly thing stings you but does no damage.
A yak comes into view.
The komodo dragon bites you!!
* * * LOW HITPOINT WARNING * * *
The yaktaur hits you!
You die...

**#######(....##
* * ##....## *,
** , *
##.(..######. *
* #...(.......Y
,,,, , ,
##....#(.......
, , *
......##(.....#.
,, ,
......###.Y.).##
**, , **
#.......luT..##
....#....@TY## ,
, ...##.....c##
* , .#*#.....##*
* ..(...... , ,
, ......... , ,
*########## * *
*


You could see a brown ugly thing, a deep troll earth mage, a komodo dragon, a
yaktaur, 3 yaks and a troll.

Vanquished Creatures
  Erica (D:8)
  Harold (D:9)
  2 two-headed ogres
  Nergalle (D:11)
  2 unseen horrors (D:11)
  A phantasmal warrior (D:12)
  Joseph (D:8)
  Maggie (D:8)
  Psyche (D:12)
  2 kobold demonologists (D:11)
  A hippogriff (D:11)
  2 wraiths (D:12)
  2 wyverns (D:11)
  A redback (D:12)
  A spriggan (D:8)
  4 yaks (D:10)
  The ghost of MisterFreud the Skirmisher, an amateur FoAK of Lugonu (D:3)
  Grum (D:9)
  2 hungry ghosts
  A steam dragon (D:11)
  4 orc warriors
  A swamp drake (D:11)
  2 ice beasts
  2 sky beasts
  2 ogres
  3 phantoms
  A necrophage (D:6)
  5 centaurs (D:12)
  4 wolves (D:9)
  4 crocodiles
  3 big kobolds
  7 bullfrogs
  2 elf zombies (Ossuary)
  A wyvern zombie (D:11)
  A wyvern skeleton (D:12)
  2 scorpions
  13 killer bees
  7 wights
  2 howler monkeys
  10 crimson imps
  2 centaur zombies
  Crazy Yiuf (D:3)
  4 centaur skeletons
  5 orc priests
  2 bullfrog skeletons (D:11)
  7 hounds
  2 jellies
  3 iguanas
  2 human zombies (Ossuary)
  11 orc wizards
  7 worker ants
  A big kobold zombie (Ossuary)
  2 hound skeletons (D:4)
  2 mummies (Ossuary)
  2 worker ant zombies
  Robin (D:2)
  12 gnolls
  13 adders
  2 shadow imps
  An ooze (D:4)
  An adder zombie (Ossuary)
  9 worms
  2 dart slugs
  7 leopard geckos
  63 orcs
  2 ball pythons (D:3)
  8 giant cockroaches
  16 goblins
  14 hobgoblins
  20 jackals
  23 kobolds
  3 quokkas
  3 bats
  4 frilled lizards
  3 hobgoblin zombies (Ossuary)
  A jackal skeleton (D:4)
  2 jackal zombies (Ossuary)
  9 kobold zombies (Ossuary)
  A leopard gecko skeleton (D:4)
  14 orc zombies (Ossuary)
  A quokka skeleton (D:8)
  6 rats
  A rat zombie (Ossuary)
  A bush (D:2)
  A plant (D:2)
402 creatures vanquished.

Vanquished Creatures (others)
  A plant (D:2)
1 creature vanquished.

Grand Total: 403 creatures vanquished

Notes
Turn   | Place    | Note
-------+----------+-------------------------------------------
     0 | D:1      | Lovchig the Deep Dwarf Fighter began the quest for the Orb.
     0 | D:1      | Reached XP level 1. HP: 20/20 MP: 1/1
   115 | D:1      | Reached XP level 2. HP: 27/27 MP: 2/2
  1020 | D:1      | Gained mutation: Your spells are a little harder to cast,
                  | but a little more powerful. [potion of mutation]
  1020 | D:1      | Gained mutation: You are partially covered in large bone
                  | plates. (SH +4) [potion of mutation]
  1095 | D:2      | Reached XP level 3. HP: 32/34 MP: 3/3
  1126 | D:2      | Reached skill level 3 in Axes
  1169 | D:2      | Reached skill level 1 in Dodging
  1264 | D:2      | Reached XP level 4. HP: 37/42 MP: 4/4
  1472 | D:2      | Found a snail-covered altar of Cheibriados.
  1472 | D:2      | Found a bloodstained altar of Trog.
  1549 | D:2      | Noticed Robin
  1569 | D:2      | Killed Robin
  2017 | D:3      | Reached XP level 5. HP: 23/49 MP: 5/5
  2047 | D:3      | Reached skill level 4 in Axes
  2418 | D:3      | Found a runed translucent door.
  2419 | D:3      | Noticed Crazy Yiuf
  2455 | D:3      | Killed Crazy Yiuf
  2577 | D:3      | Found a runed translucent gate.
  2577 | D:3      | Found a runed translucent gate.
  2577 | D:3      | Noticed MisterFreud's ghost (amateur FoAK)
  2578 | D:3      | Found a runed translucent gate.
  2579 | D:3      | Found a roughly hewn altar of Beogh.
  2622 | D:3      | Killed MisterFreud's ghost
  2622 | D:3      | Reached skill level 5 in Axes
  2622 | D:3      | Reached XP level 6. HP: 35/56 MP: 5/5
  3177 | D:4      | Reached XP level 7. HP: 54/63 MP: 6/6
  3561 | D:4      | Reached skill level 5 in Shields
  3677 | D:4      | Reached skill level 6 in Axes
  3720 | D:4      | Found a blossoming altar of Fedhas.
  4231 | D:4      | Found a glowing silver altar of Zin.
  4317 | D:5      | Entered Level 5 of the Dungeon
  4330 | D:5      | Found an iron altar of Okawaru.
  4367 | D:5      | Found an opulent altar of Gozag.
  4947 | D:5      | Found a hazy altar of Hepliaklqana.
  5041 | D:5      | Found a hide-covered altar of Uskayaw.
  5125 | D:6      | Reached XP level 8. HP: 20/72 MP: 7/7
  5147 | D:6      | Reached skill level 5 in Armour
  5150 | D:6      | Reached skill level 7 in Axes
  5384 | D:6      | Found a staircase to the Ecumenical Temple.
  5392 | Temple   | Entered the Ecumenical Temple
  5419 | Temple   | Became a worshipper of Makhleb the Destroyer
  5476 | D:6      | You fall into a shaft and drop 3 floors!
  5499 | D:9      | Reached skill level 8 in Axes
  5527 | D:9      | Noticed Grum
  5555 | D:9      | Killed Grum
  5565 | D:9      | Gained mutation: You passively map the area around you.
                  | [Deep Dwarf growth]
  5565 | D:9      | Reached XP level 9. HP: 21/79 MP: 8/8
  5738 | D:8      | Found a sand-covered staircase.
  5749 | Ossuary  | Entered an ossuary
  5778 | Ossuary  | Reached * piety under Makhleb
  5866 | Ossuary  | Reached skill level 9 in Axes
  5868 | Ossuary  | Reached ** piety under Makhleb
  6009 | D:7      | Noticed Prince Ribbit
  6107 | D:7      | Reached skill level 5 in Fighting
  6263 | D:6      | Found a sparkling altar of Nemelex Xobeh.
  6816 | D:8      | Reached skill level 10 in Axes
  6885 | D:8      | Reached skill level 5 in Dodging
  6993 | D:8      | Noticed a two-headed ogre
  7000 | D:8      | Reached *** piety under Makhleb
  7023 | D:8      | Killed a two-headed ogre
  7023 | D:8      | Reached XP level 10. HP: 72/90 MP: 9/9
  7064 | D:8      | Noticed Erica
  7065 | D:8      | Noticed Maggie
  7105 | D:8      | Killed Maggie
  7110 | D:8      | Killed Erica
  7144 | D:8      | Noticed Joseph
  7169 | D:8      | Killed Joseph
  7169 | D:8      | Reached skill level 11 in Axes
  7190 | D:8      | Found a shimmering blue altar of Sif Muna.
  7202 | D:8      | Found an ancient bone altar of Kikubaaqudgha.
  7216 | D:8      | Found a radiant altar of Vehumet.
  7603 | D:9      | Noticed Harold
  7630 | D:9      | Killed Harold
  7707 | D:9      | Found an ancient bone altar of Kikubaaqudgha.
  7708 | D:9      | Found Poefitza's Evil Emporium.
  7951 | D:10     | Entered Level 10 of the Dungeon
  8204 | D:10     | Noticed a two-headed ogre
  8214 | D:10     | Reached **** piety under Makhleb
  8225 | D:10     | Killed a two-headed ogre
  8225 | D:10     | Reached XP level 11. HP: 99/99 MP: 9/9
  8547 | D:10     | Reached skill level 12 in Axes
  8676 | D:11     | Reached skill level 10 in Shields
  8696 | D:11     | Noticed Nergalle
  8724 | D:11     | Killed Nergalle
  8810 | D:11     | Found Biakhuime's Antique Armour Emporium.
  8932 | D:11     | Found a staircase to the Lair.
  8967 | D:11     | Killed an unseen horror
  9082 | D:11     | Reached ***** piety under Makhleb
  9135 | D:11     | Identified the +0 kite shield of Philately {+Fly rF+ Dex+2}
  9153 | D:11     | Found a staircase to the Orcish Mines.
  9203 | D:11     | Got a pair of brightly glowing boots
  9223 | D:11     | Identified the +1 pair of boots of Good Intentions {Dex+3}
                  | (You found it on level 11 of the Dungeon)
  9571 | D:11     | Found a shimmering blue altar of Sif Muna.
  9635 | D:11     | Killed an unseen horror
  9871 | D:12     | Found a portal to a secret trove of treasure.
  9923 | D:12     | Noticed Psyche
  9930 | D:12     | Killed Psyche
 10067 | D:12     | Reached skill level 13 in Axes
 10075 | D:12     | Noticed a phantasmal warrior
 10080 | D:12     | Noticed a deep troll earth mage
 10089 | D:12     | Killed a phantasmal warrior
 10093 | D:12     | Noticed a brown ugly thing
 10107 | D:12     | Slain by a yaktaur

Illustrated notes

Levels and vault maps discovered:
D:1:      dpeg_arrival_line_fractal, layout_basic, kennysheep_another_room,
          minmay_door_square
D:2:      layout_basic, gammafunk_temple_overflow_wave, serial_forest,
          infiniplex_forest_straight_1, infiniplex_forest_clump_medium,
          infiniplex_forest_end_1, infiniplex_forest_lined_ring,
          infiniplex_forest_side_room, infiniplex_forest_end_2,
          kennysheep_generic_room_6, uniq_robin
D:3:      layout_basic, biasface_ghost_orc_armoury, uniq_crazy_yiuf_cottage
D:4:      layout_basic, lemuel_doored_altar, overflow_temple_1_default,
          eino_tiny_chamber, hex_tiny, item_on_display_b
D:5:      layout_loops_ring, kennysheep_mini_moat, marbit_many_paths,
          grunt_temple_overflow_open, first_ration
D:6:      layout_cave_pools, temple_statues, basic_altar
D:7:      layout_basic, uniq_prince_ribbit1
D:8:      layout_basic, palyth_temple_overflow_mages, enter_ossuary_1,
          the_bakery, uniq_joseph, uniq_erica, uniq_maggie
D:9:      layout_loops_ring, nicolae_water_bricks, nicolae_evil_shop, uniq_grum,
          uniq_harold
D:10:     layout_long_grid
D:11:     layout_rooms, erik_lair_dragon, hiddenorc2_lemuel, serial_shops,
          kennysheep_mini, lemuel_blue_sif_altar, uniq_nergalle
D:12:     minmay_outward_triangles, layout_loops_ring, enter_trove_1,
          enter_bailey_3, uniq_psyche, uniq_josephine
Temple:   chequers_temple_sunken

Skill      XL: |  1  2  3  4  5  6  7  8  9 10 11 |
---------------+----------------------------------+-----
Fighting       | 3 4 5 6 7 |  7.2
Axes           | 3 5 6 8 10 11 13 | 13.1
Dodging        | 1 2 3 4 5 6 7 |  7.1
Shields        | 4 5 7 8 9 11 | 11.0
Armour         | 4 5 6 7 8 |  8.3

Action                   |  1- 3 |  4- 6 |  7- 9 | 10-12 || total
-------------------------+-------+-------+-------+-------++-------
Melee: War axe           |    94 |   286 |   683 |   680 ||  1743
       Unarmed           |       |    20 |       |       ||    20
 Abil: Heal Wounds       |       |     6 |     4 |     7 ||    17
  Use: Scroll            |     5 |     5 |     9 |     2 ||    21
       Potion            |     1 |       |       |     1 ||     2
  Eat: Chunk             |     1 |     7 |    17 |     9 ||    34
       Ration            |       |       |       |     1 ||     1
Armor: Scale mail        |     4 |       |       |       ||     4
       Plate armour      |    59 |    96 |   328 |   454 ||   937
Dodge: Dodged            |    17 |    53 |   134 |   180 ||   384
Block: Kite shield       |    74 |   174 |   608 |   619 ||  1475

Table legend:
 A = Non-vault XP
 B = Vault XP
 C = Vault XP percentage of total XP
 D = Non-vault monster count
 E = Vault monster count
 F = Vault count percentage of total count
                 A         B        C        D         E       F
            +---------+---------+-------+---------+---------+-------
      Total |   13385 |    8145 |  37.8 |     283 |     117 |  29.2
            +---------+---------+-------+---------+---------+-------
        D:1 |      30 |       0 |   0.0 |      15 |       0 |   0.0
        D:2 |      97 |      38 |  28.1 |      29 |      13 |  31.0
        D:3 |     215 |     300 |  58.3 |      35 |       9 |  20.5
        D:4 |     271 |       0 |   0.0 |      23 |       0 |   0.0
        D:5 |     444 |       3 |   0.7 |      19 |       1 |   5.0
        D:6 |     932 |       0 |   0.0 |      31 |       0 |   0.0
        D:7 |     922 |       0 |   0.0 |      24 |       0 |   0.0
        D:8 |    1767 |    2165 |  55.1 |      26 |       7 |  21.2
        D:9 |     460 |    1602 |  77.7 |      17 |       6 |  26.1
       D:10 |    2834 |       0 |   0.0 |      24 |       0 |   0.0
       D:11 |    3577 |    1981 |  35.6 |      22 |      38 |  63.3
       D:12 |    1836 |    1641 |  47.2 |      18 |       5 |  21.7
    Ossuary |       0 |     415 | 100.0 |       0 |      38 | 100.0
            +---------+---------+-------+---------+---------+-------
